 Dungeon Crawl Stone Soup version 0.28-a0-1339-ga5422284a4 (webtiles) character file.

Game seed: 6346652729941536198

93 vivovinco the Sneak (level 4, -4/27 HPs)
             Began as an Octopode Earth Elementalist on Dec 29, 2021.
             Slain by Terence (5 damage)
             ... on level 3 of the Dungeon.
             The game lasted 00:11:20 (1725 turns).

vivovinco the Sneak (Octopode Earth Elementalist)   Turns: 1725, Time: 00:11:21

Health: -4/27      AC:  1    Str:  7    XL:     4   Next: 62%
Magic:  5/8        EV: 17    Int: 19    God:
Gold:   59         SH:  0    Dex: 12    Spells: 4/8 levels left

rFire   . . .      SeeInvis .   c - +0 dagger
rCold   . . .      Faith    .   (no shield)
rNeg    . . .      Spirit   .   (helmet restricted)
rPois   .          Reflect  .   (no amulet)
rElec   .          Harm     .   g - +4 ring of evasion
rCorr   .          Rampage  .   (no ring)
Will    .....                   (no ring)
Stlth   +++.......              (no ring)
HPRegen 0.09/turn               (no ring)
MPRegen 0.11/turn               (no ring)
                                (no ring)
                                (no ring)

@: no status effects
A: almost no armour, amphibious, 8 rings, camouflage 1, gelatinous body 1,
(nimble swimmer 1), tentacles
a: no special abilities


You were on level 3 of the Dungeon.
You visited 1 branch of the dungeon, and saw 3 of its levels.

You collected 89 gold pieces.
You spent 30 gold pieces at shops.

Inventory:

Hand Weapons
 c - a +0 dagger (weapon)
Missiles
 b - 27 stones
 e - 6 boomerangs
 k - 46 bolts
Jewellery
 g - a +4 ring of evasion (left tentacle)
 n - a ring of see invisible
Scrolls
 d - a scroll of holy word {unknown}
 i - a scroll of vulnerability {unknown}
 m - a scroll of fog {unknown}
Potions
 f - a potion of attraction {unknown}
 h - a potion of magic {unknown}
 j - a potion of curing
 l - a potion of ambrosia {unknown}


   Skills:
 + Level 0.2 Short Blades
 + Level 2.1 Dodging
 + Level 4.1 Stealth
 + Level 2.9 Spellcasting
 + Level 1.0 Transmutations
 * Level 0.8 Ice Magic
 + Level 3.7 Earth Magic


You had 4 spell levels left.
You knew the following spells:

 Your Spells              Type           Power      Damage    Failure   Level
a - Sandblast             Erth           32%        2d9       3%          1
b - Stone Arrow           Conj/Erth      18%        3d8       22%         3

Your spell library contained the following spells:

 Spells                   Type           Power      Damage    Failure   Level
 Passwall                 Tmut/Erth      9%         N/A       9%          2
 Ozocubu's Armour         Ice            5%         N/A       32%         3
 Swiftness                Air            2%         N/A       43%         3
 Petrify                  Tmut/Erth      11%        N/A       50%         4
 Ozocubu's Refrigeration  Ice            2%         4d5       100%        7


Dungeon Overview and Level Annotations

Branches:
Dungeon (3/15)

Altars:

Shops:
D:2 (:!!?

Annotations:
D:3 Terence


Innate Abilities, Weirdness & Mutations

You cannot wear most types of armour.
You are amphibious.
You can wear up to eight rings at the same time.
Your skin changes colour to match your surroundings (Stealth+).
Your rubbery body absorbs attacks. (AC +1, EV +1)
((You are camouflaged when in or above water. (Stealth+)))
You have tentacles for arms and can constrict up to eight enemies at once.


Message History

Terence is moderately wounded.
You constrict Terence, but do no damage.
Terence barely misses you.
You hit Terence but do no damage. You squeeze Terence, but do no damage.
Terence is moderately wounded.
You constrict Terence, but do no damage.
Terence hits you with a +0 trident.
You hit Terence but do no damage. You squeeze Terence.
Terence is moderately wounded.
You constrict Terence, but do no damage.
Terence hits you with a +0 trident!
* * * LOW HITPOINT WARNING * * *
You hit Terence but do no damage.
Terence is moderately wounded.
You constrict Terence. Terence hits you with a +0 trident!
* * * LOW HITPOINT WARNING * * *
Aiming: Sandblast (safe; 3% risk of failure)
Press: ? - help, Q - select action, (/) - cycle Shift-Dir - straight line, f/p - Terence
Aim: Terence, wielding a +0 trident and wearing a +0 scale mail of fire resistance (heavily wounded, constricted by you, 100% to hit)
The blast of sand hits Terence but does no damage.
Terence is heavily wounded.
You constrict Terence, but do no damage.
Terence misses you.
You hit Terence but do no damage.
Terence is heavily wounded.
You constrict Terence. Terence misses you.
You hit Terence but do no damage.
Terence is heavily wounded.
You constrict Terence. Terence misses you.
You hit Terence but do no damage.
Terence is heavily wounded.
You constrict Terence. Terence barely misses you.
You hit Terence but do no damage.
Terence is severely wounded.
You constrict Terence. Terence barely misses you.
You hit Terence but do no damage.
Terence is almost dead.
You constrict Terence, but do no damage.
Terence hits you with a +0 trident.
You die...

#...### #######
#.### ###.....
...#.#
#......###.#.#<#####
..... #.. ..#.....#
... #.# ..#.###.#
#'# #.# #.#.# #.#
#@# #.# #.#.# #.#
#@# #.# #.#.###.#
#.# #.# #........
#.####'###.#######
#............#
#.......##.#.#
#....)..##.#.#
#.......##.# #
#.......##.#
#.......##.#


You could see Terence.

Vanquished Creatures
  5 adders
  A worm (D:3)
  A dart slug (D:1)
  5 endoplasms
  3 goblins
  6 hobgoblins
  4 kobolds
  A quokka (D:1)
  5 ball pythons
  6 bats
  4 frilled lizards (D:1)
  3 rats
44 creatures vanquished.

Vanquished Creatures (others)
  2 fungi (D:1)
  4 plants (D:1)
6 creatures vanquished.

Grand Total: 50 creatures vanquished

Notes
Turn   | Place    | Note
-------+----------+-------------------------------------------
     0 | D:1      | vivovinco the Octopode Earth Elementalist began the quest
                  | for the Orb.
     0 | D:1      | Reached XP level 1. HP: 11/11 MP: 3/3
   202 | D:1      | Reached XP level 2. HP: 17/17 MP: 0/5
   562 | D:2      | Found Keskyi's Antique Weapon Shoppe.
   639 | D:1      | Reached XP level 3. HP: 21/21 MP: 6/6
   798 | D:1      | Found a faded altar of an unknown god.
   872 | D:2      | Reached skill level 3 in Stealth
   877 | D:2      | Learned a level 3 spell: Stone Arrow
   966 | D:2      | Found Putudgh's Distillery.
   970 | D:2      | Found Fuclyor's Distillery.
   971 | D:2      | Bought a potion of curing for 30 gold pieces
  1116 | D:2      | Reached XP level 4. HP: 27/27 MP: 2/8
  1174 | D:2      | Found Degut's Book Shop.
  1341 | D:2      | Found Riorudgh's Magic Scroll Emporium.
  1625 | D:3      | Reached skill level 4 in Stealth
  1703 | D:3      | Noticed Terence
  1719 | D:3      | HP: 1/27 [Terence (7)]
  1725 | D:3      | Slain by Terence

Illustrated notes

Levels and vault maps discovered:
D:1:      psy_arrival_conway, layout_basic, shapermc_ecumenical_altar_hornbeckon
D:2:      layout_loops_ring, serial_shops, nicolae_shop_hallway_plus, shop,
          shop, shop_fountains, shop
D:3:      layout_basic, corexii_hall_statues_s, uniq_terence, uniq_ijyb

Skill      XL: |  1  2  3  4 |
---------------+-------------+-----
Stealth        | 3 4 |  4.1
Short Blades   | |  0.2
Dodging        | |  2.1
Spellcasting   | |  2.9
Transmutations | |  1.0
Ice Magic      | |  0.8
Earth Magic    | |  3.7

Action                   |  1- 3 |  4- 6 || total
-------------------------+-------+-------++-------
Melee: Unarmed           |    13 |       ||    13
       Constrict         |     9 |     5 ||    14
       Dagger            |    31 |    22 ||    53
       Tentacles         |     2 |     7 ||     9
 Cast: Sandblast         |    26 |     8 ||    34
       Stone Arrow       |     2 |     2 ||     4
  Use: Potion            |       |     1 ||     1
 Stab: Sleeping          |     7 |     2 ||     9
Dodge: Dodged            |    21 |    17 ||    38

Table legend: (Time is in decaauts)
 A = Elapsed time spent in this place.
 B = Non-inter-level travel time spent in this place.
 C = Inter-level travel time spent in this place.
 D = Time resting spent in this place.
 E = Time spent auto-exploring this place.
 F = Levels seen in this place.
 G = Mean time per level.
                   A        B        C        D        E       F      G
               +--------+--------+--------+--------+--------+-----+--------+
         Total |   1726 |   1690 |     36 |    226 |    984 |   3 |  575.3 |
       Dungeon |   1726 |   1690 |     36 |    226 |    984 |   3 |  575.3 |
               +--------+--------+--------+--------+--------+-----+--------+

Top non-repeatable levels by time:
     D:1: 863 daAuts
     D:2: 680 daAuts
     D:3: 182 daAuts
